 Dungeon Crawl Stone Soup version 0.28-a0-60-g54b5640690 (webtiles) character file.

Game seed: 3516650673421989160

14 Demosthentine the Poker (level 2, -2/23 HPs)
             Began as a Merfolk Gladiator on July 30, 2021.
             Slain by Terence (4 damage)
             ... on level 1 of the Dungeon.
             The game lasted 00:01:09 (1270 turns).

Demosthentine the Poker (Merfolk Gladiator)         Turns: 1270, Time: 00:01:10

Health: -2/23      AC:  4    Str: 14    XL:     2   Next: 41%
Magic:  2/2        EV: 13    Int:  7    God:
Gold:   26         SH:  0    Dex: 15    Spells: 1/1 levels left

rFire   . . .      SeeInvis .   a - +0 trident
rCold   . . .      Faith    .   (no shield)
rNeg    . . .      Spirit   .   b - +0 leather armour
rPois   .          Reflect  .   c - +0 helmet
rElec   .          Harm     .   (no cloak)
rCorr   .          Rampage  .   (no gloves)
Will    .....                   (no boots)
Stlth   +.........              (no amulet)
HPRegen 0.07/turn               (no ring)
MPRegen 0.08/turn               (no ring)

@: no status effects
A: (nimble swimmer 2), mertail
a: no special abilities


You were on level 1 of the Dungeon.
You visited 1 branch of the dungeon, and saw 2 of its levels.

You collected 26 gold pieces.

Inventory:

Hand Weapons
 a - a +0 trident (weapon)
Missiles
 d - 2 throwing nets (quivered)
Armour
 b - a +0 leather armour (worn)
 c - a +0 helmet (worn)
Scrolls
 i - a scroll of fear
Potions
 e - a potion of brilliance {unknown}
 g - a potion of magic {unknown}
 h - a potion of degeneration {unknown}
 j - a potion of heal wounds {unknown}
 k - a potion of lignification {unknown}


   Skills:
 + Level 2.5 Fighting
 + Level 4.7 Polearms
 - Level 2.0 Throwing
 + Level 0.4 Armour
 + Level 4.2 Dodging


You had one spell level left.
You didn't know any spells.
Your spell library contained the following spells:

 Spells                   Type           Power      Damage    Failure   Level
 Blink                    Tloc           N/A        N/A       65%         2
 Lesser Beckoning         Tloc           0%         N/A       87%         3
 Manifold Assault         Tloc           0%         N/A       100%        5


Dungeon Overview and Level Annotations

Branches:
Dungeon (2/15)

Altars:

Annotations:
D:1 Terence


Innate Abilities, Weirdness & Mutations

((You are quick and stealthy near water. (Stealth+, EV+, Speed+++)))
Your lower body shifts to a powerful aquatic tail in water.


Message History

Throw: 3 throwing nets
Press: ? - help, Q - select action Shift-Dir - straight line, f - Terence
Aim: Terence, wielding a +2 vorpal hand axe and wearing a +0 scale mail (64% to hit)
You throw a throwing net. The throwing net hits Terence.
Terence is caught in the net!
Terence struggles against the net.
You reach to attack!
You hit Terence.
Terence is lightly wounded.
Terence struggles against the net.
You reach to attack!
You puncture Terence!
Terence is heavily wounded.
Terence struggles against the net.
You reach to attack!
You hit Terence but do no damage.
Terence is heavily wounded.
Terence struggles against the net.
You reach to attack!
You hit Terence.
Terence is severely wounded.
Terence struggles against the net.
You reach to attack!
You hit Terence but do no damage.
Terence is severely wounded.
Terence struggles against the net.
You reach to attack!
You catch the helpless Terence completely off-guard!
You hit Terence but do no damage.
Terence is severely wounded.
Terence struggles against the net.
The net rips apart, and Terence comes free!
You reach to attack!
You hit Terence but do no damage.
Terence is severely wounded.
Terence hits you with a +2 vorpal hand axe.
You are too injured to fight recklessly!
You are too injured to fight recklessly!
You barely miss Terence.
Terence is severely wounded.
Terence hits you with a +2 vorpal hand axe.
* * * LOW HITPOINT WARNING * * *
x2 You hit Terence.
Terence is severely wounded.
Terence hits you with a +2 vorpal hand axe.
You die...

#.####.#...#.................
##)## #.#...#.................
#...# #.#...#...........###.##
#...# #.#...#...........###.#
####...###.#...#....#.###......#
#..........###.#..>............#
#.###..........................##
#.# #......###.#.##.....)#####.##
#.####.....# #.#@@w......# #.##
...........# #.####......# #.##
##########.# #.# #......# #.##
###.###.# #.....># #.## #.....#.#
#......# ##.## ########.#.#.#.#
#......# #.... #..........#.#.#
######## #.... #.#######.##.#.#
#.... #.#..........#.########
#....


You could see Terence and a worm.

Vanquished Creatures
  2 ball pythons (D:1)
  A bat (D:1)
  An endoplasm (D:1)
  A hobgoblin (D:1)
  5 kobolds (D:1)
  A quokka (D:1)
  A frilled lizard (D:1)
12 creatures vanquished.

Notes
Turn   | Place    | Note
-------+----------+-------------------------------------------
     0 | D:1      | Demosthentine the Merfolk Gladiator began the quest for the
                  | Orb.
     0 | D:1      | Reached XP level 1. HP: 16/16 MP: 1/1
   183 | D:1      | Reached XP level 2. HP: 21/23 MP: 2/2
  1247 | D:2      | Found a faded altar of an unknown god.
  1247 | D:2      | Noticed Terence
  1270 | D:1      | Slain by Terence

Illustrated notes

Levels and vault maps discovered:
D:1:      mrwooster_arrival_statue, layout_basic
D:2:      layout_rooms, basic_altar, hellmonk_ecumenical_altar_run_dry,
          minmay_unequal, uniq_terence, uniq_jessica

Action                   || total
-------------------------++-------
Melee: Trident           ||    53
Throw: Throwing net      ||     1
  Use: Scroll            ||     2
 Stab: Held in net/web   ||     1
Armor: Leather armour    ||    12
Dodge: Dodged            ||    23

Table legend: (Time is in decaauts)
 A = Elapsed time spent in this place.
 B = Non-inter-level travel time spent in this place.
 C = Inter-level travel time spent in this place.
 D = Time resting spent in this place.
 E = Time spent auto-exploring this place.
 F = Levels seen in this place.
 G = Mean time per level.
                   A        B        C        D        E       F      G
               +--------+--------+--------+--------+--------+-----+--------+
         Total |   1273 |   1241 |     32 |      0 |   1129 |   2 |  636.5 |
       Dungeon |   1273 |   1241 |     32 |      0 |   1129 |   2 |  636.5 |
               +--------+--------+--------+--------+--------+-----+--------+

Top non-repeatable levels by time:
     D:1: 1269 daAuts
     D:2: 3 daAuts
